 Dungeon Crawl Stone Soup version 0.21.1-68-g103a7afc0a (webtiles) character file.

109 KamiKatze the Chopper (level 4, -6/28 HPs)
             Began as a Tengu Berserker on Aug 1, 2018.
             Was a Believer of Trog.
             Mangled by an iron imp (9 damage)
             ... summoned by Natasha
             ... on level 3 of the Dungeon.
             The game lasted 00:06:13 (1712 turns).

KamiKatze the Chopper (Tengu Berserker)             Turns: 1712, Time: 00:06:14

Health: -6/28      AC:  3    Str: 19    XL:     4   Next: 89%
Magic:  5/5        EV: 13    Int:  7    God:    Trog [**....]
Gold:   67         SH:  0    Dex: 13    Spells: 3/3 levels left

rFire    . . .     SeeInvis .   a - +0 hand axe
rCold    . . .     Gourm    .   (no shield)
rNeg     . . .     Faith    .   m - +0 leather armour
rPois    .         Spirit   .   (helmet restricted)
rElec    .         Reflect  .   (no cloak)
rCorr    .         Harm     .   (no gloves)
MR       ++...                  (boots unavailable)
Stlth    +.........             (no amulet)
HPRegen  1.09/turn              j - ring of flight
MPRegen  0.09/turn              (no ring)

@: regenerating
A: beak, talons 3
a: Berserk, Trog's Hand, Burn Spellbooks, Renounce Religion, Evoke Flight


You were on level 3 of the Dungeon.
You worshipped Trog.
Trog was pleased with you.
You were not hungry.

You visited 1 branch of the dungeon, and saw 3 of its levels.

You collected 67 gold pieces.

Inventory:

Hand Weapons
 a - a +0 hand axe (weapon)
Missiles
 d - 62 stones (quivered)
Armour
 m - a +0 leather armour (worn)
 p - a +0 plate armour
Jewellery
 j - a ring of flight (left hand)
Scrolls
 g - a scroll of identify
 i - a scroll of blinking {unknown}
 k - a scroll of teleportation {unknown}
 l - 2 scrolls of fog {unknown}
 n - a scroll of enchant weapon {unknown}
Potions
 b - a potion of degeneration {unknown}
 e - 3 potions of curing
 f - a potion of haste
 o - 3 potions of heal wounds
Comestibles
 c - 5 rations
 h - 5 chunks of flesh


   Skills:
 + Level 3.6 Fighting
 * Level 4.5 Axes
 + Level 3.0 Armour
 + Level 3.1 Dodging


You had 3 spell levels left.
You didn't know any spells.

Dungeon Overview and Level Annotations

Branches:
Dungeon (3/15)

Altars:
Nemelex Xobeh
Ru
Zin

Annotations:
D:3 Natasha


Innate Abilities, Weirdness & Mutations

You have a beak for a mouth.
You have claws for feet.


Message History

Natasha is moderately wounded.
Natasha stares at you and mumbles some strange words.
The magic dart hits you! Natasha casts a spell at you. The magic dart hits you!
You are too injured to fight recklessly!
You are too injured to fight recklessly!
You are too injured to fight recklessly!
You hit Natasha. You claw Natasha. You peck Natasha, but do no damage.
Natasha is severely wounded.
You hit the iron imp but do no damage. The iron imp hits you.
Natasha casts a spell at you. The magic dart hits you!
* * * LOW HITPOINT WARNING * * *
You barely miss Natasha. Your kick misses Natasha. Your peck misses Natasha.
Natasha is severely wounded.
You hit the iron imp but do no damage.
Natasha mumbles some strange words.
The iron imp hits you!
You die...

.............#.........
.............#.........o
.............#..........
..##....#...#...........
#.#....................
#<...................#
#....................#
.........#......#.####..
..#+##.###......@h......
... .............5......
..................5.....
##............#.........
...........#.........
...>.......###.......
##.... ....... ###
.......


You could see an iron imp, Natasha, a crimson imp and an orc (wandering).

Vanquished Creatures
  Jessica (D:2)
  3 adders (D:2)
  An ooze (D:1)
  3 worms
  A dart slug (D:2)
  6 giant cockroaches
  3 goblins
  5 hobgoblins
  A quokka (D:2)
  A ball python (D:2)
  3 bats
  5 frilled lizards
  5 kobolds
  10 rats
48 creatures vanquished.

Notes
Turn   | Place    | Note
-------+----------+-------------------------------------------
     0 | D:1      | KamiKatze the Tengu Berserker began the quest for the Orb.
     0 | D:1      | Reached XP level 1. HP: 14/14 MP: 2/2
    82 | D:1      | Reached XP level 2. HP: 14/19 MP: 3/3
   304 | D:1      | Found a sparkling altar of Nemelex Xobeh.
   338 | D:1      | Reached ** piety under Trog
   386 | D:1      | Reached XP level 3. HP: 21/23 MP: 4/4
   991 | D:2      | Reached skill level 4 in Axes
  1076 | D:2      | Noticed Jessica
  1081 | D:2      | Killed Jessica
  1081 | D:2      | Reached XP level 4. HP: 25/28 MP: 5/5
  1657 | D:3      | Found a glowing silver altar of Zin.
  1658 | D:3      | Found a sacrificial altar of Ru.
  1703 | D:3      | Noticed Natasha
  1712 | D:3      | Mangled by an iron imp

Skill      XL: |  1  2  3  4 |
---------------+-------------+-----
Axes           | 4 |  4.5
Dodging        | 3 |  3.1
Armour         | 3 |  3.0
Fighting       | |  3.6

Action                   |  1- 3 |  4- 6 || total
-------------------------+-------+-------++-------
Melee: Hand axe          |    66 |    37 ||   103
       Peck              |    11 |     5 ||    16
       Kick              |    18 |    12 ||    30
Invok: Trog's Hand       |     1 |     1 ||     2
  Use: Scroll            |       |     4 ||     4
 Stab: Sleeping          |     2 |       ||     2
  Eat: Chunk             |     1 |     2 ||     3
Armor: Animal skin       |     6 |       ||     6
       Leather armour    |       |     4 ||     4
Dodge: Dodged            |    36 |    17 ||    53
